 Dungeon Crawl Stone Soup version 0.30.0-5-g1a98f26d00 (webtiles) character file.

Game seed: 6216150899803459029

57 gelatine the Stinger (level 3, -3/25 HPs)
             Began as a Demonspawn Venom Mage on May 8, 2023.
             Slain by Natasha (9 damage)
             ... on level 2 of the Dungeon.
             The game lasted 00:02:34 (890 turns).

gelatine the Stinger (Demonspawn Venom Mage)         Turns: 890, Time: 00:02:35

Health: -3/25      AC:  2    Str:  8    XL:     3   Next: 73%
Magic:  3/6        EV: 12    Int: 18    God:
Gold:   42         SH:  0    Dex: 13    Spells: 5/6 levels left

rFire   . . .        e - +0 spear
rCold   . . .        (no shield)
rNeg    . . .        a - +0 robe
rPois   .            (helmet restricted)
rElec   .            (no cloak)
rCorr   .            (no gloves)
SInv    .            (no boots)
Will    .....        (no amulet)
Stlth   ++           h - +4 ring of slaying
HPRegen 0.24/turn    (no ring)
MPRegen 0.10/turn

%: no passive effects
@: no status effects
A: antennae 1, demonic guardian 1
a: no special abilities


You were on level 2 of the Dungeon.
You visited 1 branch of the dungeon, and saw 2 of its levels.

You collected 42 gold pieces.

Inventory:

Hand Weapons
 e - a +0 spear (weapon)
Armour
 a - a +0 robe (worn)
 f - a +0 leather armour
 n - a +0 helmet
 s - a +3 chain mail
Jewellery
 h - a +4 ring of slaying (left hand)
Scrolls
 g - 2 scrolls of identify {unknown}
 j - a scroll of vulnerability {unknown}
 k - a scroll of immolation {unknown}
 l - a scroll of teleportation {unknown}
 m - a scroll of poison {unknown}
 o - a scroll of enchant weapon {unknown}
 q - a scroll of enchant armour {unknown}
 r - a scroll of fear {unknown}
 t - a scroll of amnesia {unknown}
Potions
 b - a potion of magic
 c - 2 potions of brilliance {unknown}
 d - 2 potions of attraction {unknown}
 i - a potion of might {unknown}
 p - a potion of heal wounds {unknown}


   Skills:
 * Level 0.4 Fighting
 * Level 0.5 Armour
 * Level 2.0 Dodging
 * Level 2.0 Stealth
 * Level 2.3 Spellcasting
 * Level 1.4 Transmutations
 * Level 3.7 Poison Magic


You had 5 spell levels left.
You knew the following spells:

 Your Spells              Type           Power      Damage    Failure   Level
a - Sting                 Tmut/Pois      44%        1d5       6%          1

Your spell library contained the following spells:

 Spells                   Type           Power      Damage    Failure   Level
 Poisonous Vapours        Pois/Air       16%        N/A       12%         2
 Mephitic Cloud           Conj/Pois/Air  6%         N/A       30%         3
 Olgreb's Toxic Radiance  Pois           15%        N/A       36%         4


Dungeon Overview and Level Annotations

Branches:
Dungeon (2/15)

Altars:

Annotations:
D:2 Natasha


Innate Abilities, Weirdness & Mutations

You have a pair of small antennae on your head.
A weak demonic guardian rushes to your aid.


Message History

Your Dodging skill increases to level 2!
The sting hits the worm.
The worm is poisoned.
The worm is moderately wounded.
The sting hits the worm.
The worm looks even sicker.
The worm is moderately wounded.
Your white imp hits the worm.
Your white imp freezes the worm.
The sting hits the worm.
The worm looks even sicker.
The worm is severely wounded.
The worm bites you!
* * * LOW HITPOINT WARNING * * *
Your white imp hits the worm.
Your white imp freezes the worm.
You hit the worm.
You kill the worm!
Your white imp disappears in a puff of smoke!
Natasha, Servant of Life and Death comes into view.
Natasha wildly gestures.
Natasha shimmers violently.
A rat comes into view.
Found 5 stones.
Natasha mumbles some strange words.
Found a stone staircase leading down.
The sting hits Natasha.
Natasha is poisoned.
Natasha is lightly wounded.
Natasha casts a spell at you. The magic dart hits you!
The sting hits Natasha.
Natasha looks even sicker.
Natasha is moderately wounded.
The cerulean imp hits you from afar with a +0 spear.
The sting hits Natasha.
Natasha looks even sicker.
Natasha is heavily wounded.
Natasha claws you!
* * * LOW HITPOINT WARNING * * *
The cerulean imp misses you.
You barely miss Natasha.
Natasha is heavily wounded.
The rat misses you.
Natasha wildly gestures.
You feel disoriented. Natasha claws you!
You die...

#.## ...### #....##
......## #########
.......#########........
........#...............
..........######........
........#....###.r5.....
.........###....@h....(.
........................
.......##########.......
.....†.## ###.##.
........# .. ........#
.> ........# . ........#
........#


You could see Natasha (very poisoned), a cerulean imp (summoned) and a rat.

Vanquished Creatures
  Natasha (D:2)
  2 adders (D:2)
  A worm (D:2)
  2 endoplasms
  A kobold (D:2)
  2 quokkas (D:1)
  A ball python (D:2)
  2 frilled lizards (D:1)
  3 rats
15 creatures vanquished.

Notes
Turn   | Place    | Note
-------+----------+-------------------------------------------
     0 | D:1      | gelatine the Demonspawn Venom Mage began the quest for the
                  | Orb.
     0 | D:1      | Reached XP level 1. HP: 13/13 MP: 3/3
   613 | D:2      | Gained mutation: You have a pair of small antennae on your
                  | head. [demonic ancestry]
   613 | D:2      | Reached XP level 2. HP: 19/19 MP: 1/5
   636 | D:2      | Reached skill level 1 in Transmutations
   717 | D:2      | Gained mutation: A weak demonic guardian rushes to your
                  | aid. [demonic ancestry]
   717 | D:2      | Reached XP level 3. HP: 16/24 MP: 2/6
   782 | D:2      | Noticed Natasha
   791 | D:2      | Killed Natasha
   884 | D:2      | Noticed Natasha
   890 | D:2      | Slain by Natasha

Illustrated notes

Levels and vault maps discovered:
D:1:      matt_arrival_grand_opening, layout_rooms
D:2:      layout_rooms, serial_shops, nicolae_shop_mannequins,
          minmay_tromino_v4_b, uniq_natasha, uniq_crazy_yiuf_cottage,
          uniq_terence

Skill      XL: |  1  2  3 |
---------------+----------+-----
Transmutations | 1 |  1.4
Stealth        | 2 |  2.0
Dodging        | 2 |  2.0
Fighting       | |  0.4
Armour         | |  0.5
Spellcasting   | |  2.3
Poison Magic   | |  3.7

Action                     || total
---------------------------++-------
  Melee: Spear             ||    22
   Cast: Sting             ||    22
 Armour: Robe              ||     3
  Dodge: Dodged            ||    19
